Mecha, chaotic male human Priest -------- ----- #-.......# ------ |... ##|...@f{|######..`..| |...|# #....>...######|....| |....# ------ #-------- #-....| |...|# ##-...<+# # ------ |.._|# # |....|# # --.--### |....|# # # # ----|-### #################### ###### # ## #### -------.-- # # # ## ----- |........| ## # # ### #|...-#######|........| -.---# # ## ###....| #-........| |....# # ### ---------- ###|...| |........| |...| ### #############|........| ###|...| |........| |...| ###+##------# ###|........-### ----- |........| ----- ###|....|# #.........|### ---------- #......# |.....>...# ------ ---------- Mecha the Aspirant Experience level: 1 Strength: 15 Dexterity: 11 Constitution: 11 Intelligence: 10 Wisdom: 18 Charisma: 11 Health: 0(14) Energy: 6(6) Def: 8 Gold: 260 Moves: 1319 Dungeon seed: _8mA37r-xiJNlLiv Game ID: Mecha_1478118873 Your Inventory: Coins $ - 260 gold pieces Weapons a - a blessed +1 mace (weapon in hand) Armor e - a +0 robe (being worn) n - a +0 small shield (being worn) y - a +0 elven mithril-coat (being worn) Spellbooks f - a spellbook of remove curse g - a spellbook of create monster l - a spellbook of create familiar Potions b - 4 potions of holy water Rings p - a ring of sustain ability Wands k - a wand of polymorph (0:7) Tools h - a lock pick Gems q - a worthless piece of green glass Spells and supernatural/magical abilities: Name Level Category Fail Memory d - dig 5 matter 100% 95% r - remove curse 3 clerical 55% 94% O - create monster 2 clerical 31% 94% W - pray for help -- divine ? -- X - turn undead -- divine ? -- Your skills at the end: Fighting Skills Weapon Skills mace [Basic] Spellcasting Skills clerical spells [Basic] Final Attributes: You were piously aligned. You are dead. Vanquished creatures: a gas spore a hobbit a yellow mold 3 jackals a kobold a goblin 3 sewer rats a grid bug 3 lichens a kobold zombie 6 newts 22 creatures vanquished. Voluntary challenges: You were an atheist. You used a wielded weapon 10 times, starting on turn 21. You read items or engraved 32 times, starting on turn 100. You never genocided any monsters. You never polymorphed an object. You never changed form. You used no wishes. You never split a pudding. You never wrote Elbereth's name. You never violated your personal moral code. Dungeon overview: The Dungeons of Doom: levels 1 to 3 Level 1 a fountain a long staircase Level 2 a fountain Level 3 <- You were here an altar to Anu, a fountain a long staircase History has recorded: On T:1 you entered the Dungeons of Doom to retrieve the Amulet of Yendor! On T:731 you reached level 2 of The Dungeons of Doom. On T:983 you reached level 3 of The Dungeons of Doom. Score breakdown: Gold: 260 ( 8220 points) Experience: 1 level ( 0 points) Exploration: 3 levels ( 5.88%) ( 6000 points) Discoveries: 1 item ( 0.34%) ( 1740 points) Valuables value: (no points given unless you survive) Artifact value: 0 ( 0 points) Variety of kills: 11 monsters ( 2.89%) ( 5097 points) Turncount: 1319 turns ( 0 points) Survival: died (score multiplied by 80%) Total score: 16845 Latest messages: $ - 8 gold pieces. You are beginning to feel hungry. You stop running. That food really hit the spot! You finish eating the food ration. The kitten picks up 66 gold pieces. You displace your kitten. The kitten drops 66 gold pieces. You displace your kitten. p - a pearl ring. $ - 66 gold pieces. You displace your kitten. You stop. Your kitten is in the way! You hear some noises. The cool draught refreshes you. You stop. Your kitten is in the way! You displace your kitten. (2x) $ - 65 gold pieces. You hear the splashing of a naiad. You displace your kitten. With great effort you move the boulder. You hit the gas spore. You kill the gas spore! You are caught in the gas spore's explosion! Final status: Goodbye Mecha the Priest, killed by a gas spore's explosion... You died in The Dungeons of Doom on dungeon level 3 with 16845 points, and 260 pieces of gold, after 1319 moves. You were level 1 with a maximum of 14 hit points when you died.